 Dungeon Crawl Stone Soup version 0.23.2-1-ga50397a6bc (webtiles) character file.

Game seed: 2846762365511806551

2347 1994 the Fighter (level 9, -5/145 (147) HPs)
             Began as an Ogre Hunter on May 25, 2019.
             Was a Priest of Uskayaw.
             Slain by a gnoll
             ... wielding a +0 spear
              (8 damage)
             ... on level 8 of the Dungeon.
             The game lasted 00:31:16 (8656 turns).

1994 the Fighter (Ogre Hunter)                      Turns: 8656, Time: 00:31:16

HP:   -5/145 (147)  AC:  5    Str: 24    XL:     9   Next: 43%
MP:   12/12         EV: 11    Int: 14    God:    Uskayaw [***...]
Gold: 261           SH:  0    Dex:  9    Spells: 8/8 levels left

rFire    . . .     SeeInvis .   g - +0 mace
rCold    . . .     Gourm    .   (no shield)
rNeg     . . .     Faith    .   b - +0 robe
rPois    .         Spirit   .   (helmet restricted)
rElec    .         Reflect  .   k - +0 cloak
rCorr    .         Harm     .   (gloves unavailable)
MR       .....                  (boots unavailable)
Stlth    ..........             (no amulet)
HPRegen  0.34/turn              h - ring of stealth
MPRegen  0.13/turn              t - +1 ring of protection

@: berserking (expiring), lethally poisoned (-5 -> -6), very quick
A: large, unfitting armour, tough skin 1
a: Stomp, Line Pass, Renounce Religion


You were on level 8 of the Dungeon.
You worshipped Uskayaw.
Uskayaw was noncommittal.
You were near starving.

You visited 2 branches of the dungeon, and saw 8 of its levels.

You collected 261 gold pieces.

Inventory:

Hand Weapons
 e - a +0 dagger of draining
 g - a +0 mace (weapon)
 q - a +0 hunting sling
 w - a +0 giant spiked club
 z - a +0 giant club
Missiles
 c - 11 large rocks
 d - 2 throwing nets
 i - 113 stones (quivered)
 r - 8 curare-tipped needles
 s - 36 sling bullets
 E - 5 tomahawks of returning
Armour
 b - a +0 robe (worn)
 k - a +0 cloak (worn)
Jewellery
 h - a ring of stealth (left hand)
 l - an uncursed ring of wizardry
 t - a +1 ring of protection (right hand)
Wands
 p - a wand of flame (14)
 A - a wand of iceblast (7)
 B - a wand of disintegration (17)
 C - a wand of acid (9)
Scrolls
 j - 3 scrolls of teleportation
 m - a scroll of remove curse
 u - a scroll of immolation {unknown}
 y - a scroll of amnesia {unknown}
 F - 2 scrolls of noise {unknown}
 I - a scroll of enchant armour {unknown}
 J - a scroll of holy word {unknown}
 K - a scroll of magic mapping {unknown}
 L - a scroll of enchant weapon {unknown}
Potions
 a - 2 potions of heal wounds {unknown}
 n - 4 potions of curing
 o - a potion of lignification {unknown}
 v - a potion of resistance {unknown}
 x - a potion of berserk rage
 D - 2 potions of ambrosia {unknown}
 G - a potion of cancellation {unknown}
 H - a potion of mutation {unknown}
Comestibles
 f - 11 rations


   Skills:
 + Level 9.1 Fighting
 * Level 7.6 Maces & Flails
 - Level 4.0 Throwing
 - Level 3.4 Dodging
 - Level 0.6 Stealth
 + Level 5.3 Invocations


You had 8 spell levels left.
You didn't know any spells.
Your spell library contained the following spells:

 Spells                   Type           Power        Failure   Level  Hunger
 Magic Dart               Conj           #...         28%         1    ##.....
 Searing Ray              Conj           #.....       41%         2    ###....
 Dazzling Spray           Conj/Hex       #.....       65%         3    ####...
 Force Lance              Conj/Tloc      #.......     96%         4    #####..
 Fulminant Prism          Conj/Hex       #.........   96%         4    #####..
 Iskenderun's Mystic Bla  Conj           #.......     96%         4    #####..


Dungeon Overview and Level Annotations

Branches:
Dungeon (6/15)             Temple (1/1) D:4

Altars:
Ashenzari
Cheibriados
Dithmenos
Elyvilon
Fedhas
Gozag
Hepliaklqana
Kikubaaqudgha
Makhleb
Nemelex Xobeh
Okawaru
Qazlal
Ru
Trog
Uskayaw
Wu Jian
Xom
Yredelemnul
Zin
The Shining One

Annotations:
D:6 1 runed translucent door, Zoreno's ghost, novice MiBe


Innate Abilities, Weirdness & Mutations

You are too large for most types of armour.
You have tough skin. (AC +1)


Message History

The gnoll is heavily wounded.
The gnoll closely misses you.
The gnoll hits you from afar with a +0 spear!
* * * LOW HITPOINT WARNING * * *
The gnoll hits you but does no damage.
Uskayaw will force your foes to helplessly watch your dance.
You hit the gnoll but do no damage.
The gnoll is heavily wounded.
The gnoll closely misses you.
The gnoll hits you from afar with a +0 spear.
* * * LOW HITPOINT WARNING * * *
The gnoll hits you from afar with a +0 spear.
* * * LOW HITPOINT WARNING * * *
You sock the gnoll!
You kill the gnoll!
The gnoll hits you but does no damage.
Unknown command.
You closely miss the black bear. The gnoll closely misses you.
The gnoll hits you from afar with a +0 spear!
You die...

## ### #. ..#
#. #.#
..#.##g######.#
....gg.h@..##.#
###.##g###.##.#
#. ##.##.#
#.##...#.#
#........#
#####.#### ##.#
##..# ####...##


You could see a black bear and 4 gnolls.

Vanquished Creatures
  Eustachio (D:5)
  Menkaure (D:5)
  2 water moccasins
  An ice beast (D:6)
  A black bear (D:6)
  A necrophage (D:6)
  5 ogres
  3 centaurs
  A howler monkey (D:4)
  5 hounds
  A jelly (D:5)
  3 orc wizards
  2 orc priests
  A gnoll shaman (D:8)
  Terence (D:2)
  5 worker ants
  4 hound skeletons
  16 adders
  9 gnolls
  An adder zombie (D:5)
  3 worms
  3 dart slugs
  5 leopard geckos
  15 orcs
  3 giant cockroaches (D:1)
  8 goblins
  9 hobgoblins
  6 jackals
  8 kobolds
  4 quokkas
  A ball python (D:4)
  9 bats
  6 frilled lizards
  A jackal skeleton (D:6)
  A jackal zombie (D:6)
  A quokka zombie (D:5)
  4 rats
151 creatures vanquished.

Notes
Turn   | Place    | Note
-------+----------+-------------------------------------------
     0 | D:1      | 1994 the Ogre Hunter began the quest for the Orb.
     0 | D:1      | Reached XP level 1. HP: 22/22 MP: 1/1
   112 | D:1      | Reached skill level 3 in Fighting
   184 | D:1      | Reached XP level 2. HP: 25/31 MP: 2/2
   302 | D:1      | Reached skill level 4 in Fighting
   512 | D:1      | Reached XP level 3. HP: 40/40 MP: 3/3
   614 | D:1      | Reached skill level 1 in Maces & Flails
  1186 | D:2      | Reached XP level 4. HP: 23/49 MP: 4/4
  1494 | D:2      | Found a shimmering altar of Xom.
  1494 | D:2      | Noticed Terence
  1498 | D:2      | Killed Terence
  1498 | D:2      | Reached skill level 5 in Fighting
  2225 | D:3      | Reached XP level 5. HP: 54/57 MP: 5/5
  2391 | D:3      | Found an opulent altar of Gozag.
  3306 | D:4      | Found a staircase to the Ecumenical Temple.
  3314 | D:4      | Noticed an ogre
  3341 | D:4      | Killed an ogre
  3341 | D:4      | Reached skill level 6 in Fighting
  3341 | D:4      | Reached XP level 6. HP: 30/67 MP: 6/6
  3348 | Temple   | Entered the Ecumenical Temple
  3639 | Temple   | Became a worshipper of Uskayaw the Reveler
  3680 | D:4      | Reached * piety under Uskayaw
  3701 | D:4      | Reached ** piety under Uskayaw
  4297 | D:4      | Reached XP level 7. HP: 64/76 MP: 7/7
  4471 | D:4      | Reached skill level 1 in Invocations
  5309 | D:5      | Entered Level 5 of the Dungeon
  5380 | D:5      | Reached skill level 7 in Fighting
  5414 | D:5      | Reached skill level 5 in Maces & Flails
  5414 | D:5      | Reached XP level 8. HP: 77/87 MP: 9/9
  5608 | D:5      | Reached *** piety under Uskayaw
  6400 | D:5      | Noticed Menkaure
  6406 | D:5      | Killed Menkaure
  6594 | D:5      | Reached skill level 8 in Fighting
  6756 | D:5      | Noticed Eustachio
  6765 | D:5      | Killed Eustachio
  7159 | D:6      | Reached **** piety under Uskayaw
  7160 | D:6      | Reached XP level 9. HP: 66/96 MP: 12/12
  7412 | D:6      | Found a runed translucent door.
  7901 | D:6      | Noticed Zoreno's ghost (novice MiBe)
  8093 | D:6      | Reached skill level 9 in Fighting
  8093 | D:6      | Reached skill level 5 in Invocations
  8471 | D:6      | Found an ancient bone altar of Kikubaaqudgha.
  8471 | D:6      | Found a stormy altar of Qazlal.
  8589 | D:6      | You fall through a shaft for 2 floors!
  8653 | D:8      | HP: 6/145 [gnoll/+0 spear (10)]
  8654 | D:8      | HP: 2/145 [gnoll/+0 spear (2)]
  8656 | D:8      | Slain by a gnoll

Skill      XL: |  1  2  3  4  5  6  7  8  9 |
---------------+----------------------------+-----
Fighting       | 3 4 5 6 7 8 9 |  9.1
Maces & Flails | 1 2 3 4 5 6 7 |  7.6
Dodging        | 2 3 |  3.4
Invocations    | 2 4 5 |  5.3
Throwing       | |  4.0
Stealth        | |  0.6

Action                   |  1- 3 |  4- 6 |  7- 9 || total
-------------------------+-------+-------+-------++-------
Melee: Dagger            |   127 |   217 |   388 ||   732
       Short sword       |     7 |       |       ||     7
       Unarmed           |     4 |       |       ||     4
       Mace              |       |       |    59 ||    59
Throw: Stone             |     4 |    18 |    25 ||    47
       Large rock        |       |     1 |     3 ||     4
Invok: Line Pass         |       |     1 |     1 ||     2
       Stomp             |       |       |     3 ||     3
Evoke: Wand              |       |       |     8 ||     8
  Use: Scroll            |       |     2 |     2 ||     4
       Potion            |       |     1 |     1 ||     2
 Stab: Sleeping          |       |     2 |     4 ||     6
       Paralysed         |       |       |    10 ||    10
  Eat: Chunk             |     1 |    10 |    14 ||    25
Armor: Robe              |    46 |    55 |   172 ||   273
Dodge: Dodged            |    68 |   110 |   320 ||   498
